 Dungeon Sprint DCSS version 0.18-a0-1303-g41c131c (webtiles) character file.

994 nuthulu the Covert (level 8, -6/48 HPs)
             Began as a Vine Stalker Monk on Feb 12, 2016.
             Was a Priest of Okawaru.
             Mangled by a freezing wraith (10 damage)
             ... in the Dungeon (Sprint VII: "The Pits").
             The game lasted 00:02:00 (571 turns).

nuthulu the Covert (Vine Stalker Monk)               Turns: 571, Time: 00:02:00

Health: -6/48      AC:  2    Str: 15    XL:     8   Next: 19%
Magic:  0/9        EV: 22    Int: 10    God:    Okawaru [***...]
Gold:   0          SH:  0    Dex: 18    Spells: 0 memorised, 7 levels left

rFire  . . .     SeeInvis .       - Unarmed
rCold  . . .     Gourm    .     a - +0 robe
rNeg   . . .     Faith    .     (no shield)
rPois  .         Spirit   +     (no helmet)
rElec  .         Dismiss  .     (no cloak)
rCorr  .         Reflect  .     (no gloves)
SustAt .         Harm     .     (no boots)
MR     +....     NoTele   +     (no amulet)
Stlth  +++++++...               (no ring)
                                (no ring)

@: heroism, very slightly contaminated, hasted, very quick, somewhat resistant
to hostile enchantments, extremely stealthy
A: fangs 3, regeneration 2, magic shield, antimagic bite, no device heal 3, rot
immunity
a: Heroism, Renounce Religion


You were in the Dungeon.
You worshipped Okawaru.
Okawaru was most pleased with you.
You were not hungry.

You visited 1 branch

Inventory:

Armour
 a - a +0 robe (worn)
Scrolls
 h - a scroll of blinking
 l - 3 scrolls of remove curse
 m - 5 scrolls of amnesia
 n - a scroll of summoning
Potions
 c - a potion of curing
 f - 4 potions of magic
 g - 3 potions of berserk rage
 k - 2 potions of invisibility
Comestibles
 b - 8 bread rations
 i - 40 fruits
 j - 7 meat rations
 o - a chunk of flesh


   Skills:
 + Level 8.5(13.5) Fighting
 + Level 7.8(12.8) Dodging
 + Level 11.4(16.4) Stealth
 + Level 9.7(14.7) Unarmed Combat


You had 7 spell levels left.
You didn't know any spells.

Dungeon Overview and Level Annotations

Branches:
Dungeon (1/1)

Altars:
Ashenzari
Cheibriados
Dithmenos
Elyvilon
Fedhas
Gozag
Kikubaaqudgha
Makhleb
Nemelex Xobeh
Okawaru
Pakellas
Qazlal
Ru
Sif Muna
Trog
Vehumet
Xom
Yredelemnul
Zin
The Shining One
Beogh
Jiyva
Lugonu


Innate Abilities, Weirdness & Mutations

You have razor-sharp teeth.
You heal very quickly.
When hurt, damage is shared between your health and your magic reserves.
Your bite disrupts and absorbs the magic of your enemies.
Potions and wands cannot restore your health.
You are immune to rotting.


Message History

You have reached level 8!
You feel agile.
Your teeth grow very long and razor-sharp.
You feel more confident with your borrowed prowess.
You feel slightly more hungry. The wolf bites you!
* * * LOW HITPOINT WARNING * * *
You pummel the wolf!! You bite the wolf. You drain its power.
You feel invigorated.
You kill the wolf!
Okawaru is honoured by your kill.
The blink frog blinks!
Things that are here:
a wolf corpse; a blink frog corpse; a scorpion corpse You punch the freezing wraith!
You bite the freezing wraith. You drain its power.
You feel invigorated.
The freezing wraith is moderately damaged.
The freezing wraith hits you!
* * * LOW HITPOINT WARNING * * *
The freezing wraith freezes you!
You die...

#.#..'...#.##.......#
#.#..'...'.##.......#
#.#..########...<...#
#.#..+ #.......#
#.#..# #.......#
#'###########.......#
#.......#..##########
#..###..#.######
#.......#@#..F.#
##.###.##W#F...#
#.......#.§.F..+
#..###..#'#....#
#.......'†#.F..#
################


You could see a freezing wraith and a blink frog.

Vanquished Creatures
  A blink frog (D)
  A yak (D)
  A wolf (D)
  A porcupine (D)
  2 ice beasts (D)
  A black bear (D)
  A necrophage (D)
  A scorpion (D)
  A jelly (D)
  A river rat (D)
  A giant eyeball (D)
  An ufetubus (D)
  A giant gecko (D)
  A ball python (D)
  A bat skeleton (D)
  3 giant cockroaches (D)
  A goblin (D)
  A giant newt (D)
  2 rats (D)
23 creatures vanquished.

Notes
Turn   | Place    | Note
--------------------------------------------------------------
     0 | D        | nuthulu the Vine Stalker Monk began the quest for the Orb.
     0 | D        | Reached XP level 1. HP: 11/11 MP: 2/2
    42 | D        | Found a sacrificial altar of Ru.
    42 | D        | Found a basalt altar of Yredelemnul.
    42 | D        | Found a glowing golden altar of the Shining One.
    42 | D        | Found a deep blue altar of Sif Muna.
    42 | D        | Found a burning altar of Makhleb.
    42 | D        | Found an ancient bone altar of Kikubaaqudgha.
    42 | D        | Found a glowing silver altar of Zin.
    43 | D        | Found a shadowy altar of Dithmenos.
    43 | D        | Found a bloodstained altar of Trog.
    43 | D        | Found a shattered altar of Ashenzari.
    43 | D        | Found a white marble altar of Elyvilon.
    43 | D        | Found a snail-covered altar of Cheibriados.
    43 | D        | Found a blossoming altar of Fedhas.
    43 | D        | Found a radiant altar of Vehumet.
    43 | D        | Found a shimmering altar of Xom.
    43 | D        | Found a sparkling altar of Nemelex Xobeh.
    43 | D        | Found a corrupted altar of Lugonu.
    43 | D        | Found a viscous altar of Jiyva.
    43 | D        | Found a roughly hewn altar of Beogh.
    43 | D        | Found an iron altar of Okawaru.
    44 | D        | Found an oddly glowing altar of Pakellas.
    48 | D        | Found a stormy altar of Qazlal.
    48 | D        | Found an opulent altar of Gozag.
    50 | D        | Became a worshipper of Warmaster Okawaru
    50 | D        | Reached * piety under Okawaru
    50 | D        | Reached ** piety under Okawaru
    84 | D        | Reached XP level 2. HP: 16/16 MP: 3/3
   167 | D        | Reached skill level 5 in Unarmed Combat
   167 | D        | Reached XP level 3. HP: 13/21 MP: 4/4
   226 | D        | Noticed a necrophage
   227 | D        | Noticed a black bear
   245 | D        | Killed a necrophage
   245 | D        | Reached skill level 5 in Fighting
   245 | D        | Reached skill level 6 in Stealth
   245 | D        | Reached XP level 4. HP: 17/27 MP: 3/5
   245 | D        | Reached XP level 5. HP: 18/30 MP: 3/6
   292 | D        | Killed a black bear
   292 | D        | Reached skill level 5 in Dodging
   292 | D        | Reached skill level 7 in Stealth
   302 | D        | Noticed a porcupine
   309 | D        | Killed a porcupine
   309 | D        | Reached skill level 8 in Stealth
   309 | D        | Gained mutation: You heal very quickly. [Vine Stalker growth]
   309 | D        | Reached XP level 6. HP: 18/37 MP: 2/7
   352 | D        | Noticed an ice beast
   366 | D        | Killed an ice beast
   366 | D        | Reached *** piety under Okawaru
   366 | D        | Reached skill level 9 in Stealth
   431 | D        | Noticed a yak
   438 | D        | Killed a yak
   438 | D        | Reached skill level 10 in Stealth
   438 | D        | Reached XP level 7. HP: 36/42 MP: 5/8
   546 | D        | Noticed a wolf
   546 | D        | Noticed a blink frog
   546 | D        | Noticed a blink frog
   546 | D        | Noticed a blink frog
   546 | D        | Noticed a freezing wraith
   567 | D        | Killed a blink frog
   567 | D        | Reached skill level 11 in Stealth
   567 | D        | Gained mutation: You have razor-sharp teeth. [Vine Stalker growth]
   567 | D        | Reached XP level 8. HP: 16/48 MP: 2/9
   571 | D        | Mangled by a freezing wraith

Vault maps used:
D:        pitsprint

Action                   |  1- 3 |  4- 6 |  7- 9 || total
-------------------------+-------+-------+-------++-------
Melee: Unarmed           |    29 |    22 |    33 ||    84
Invok: Heroism           |     2 |     3 |     5 ||    10
  Use: Potion            |       |       |     1 ||     1
 Stab: Sleeping          |     1 |     6 |       ||     7
